 Dungeon Crawl Stone Soup version 0.28-a0-577-gb193047a1f (webtiles) character file.

Game seed: 16767765599133684852

234 robertstho the Magician (level 6, -3/43 HPs)
             Began as a Djinni Fire Elementalist on Oct 1, 2021.
             Slain by a river rat (8 damage)
             ... in a sewer.
             The game lasted 00:04:11 (4172 turns).

robertstho the Magician (Djinni Fire Elementalist)  Turns: 4172, Time: 00:04:12

Health: -3/43      AC:  3    Str:  7    XL:     6   Next: 26%
Gold:   61         EV: 12    Int: 19    God:
                   SH:  0    Dex: 13

rFire   + + .      SeeInvis .   m - +3 short sword (protect)
rCold   x . .      Faith    .   (no shield)
rNeg    . . .      Spirit   .   a - +0 robe
rPois   ∞          Reflect  .   j - +0 helmet
rElec   .          Harm     .   (no cloak)
rCorr   .          Rampage  .   (no gloves)
Will    .....                   (boots unavailable)
Stlth   ++........              (no amulet)
HPRegen 0.14/turn               (no ring)
MPRegen 0.00/turn               (no ring)

@: flying, very slightly contaminated
A: sickness immunity, fire resistance 2, cold vulnerability 1, float, innate
caster, hp casting, extra vitality 1
a: no special abilities


You were in a sewer.
You visited 1 branch of the dungeon, and saw 4 of its levels.
You also visited: Sewer.

You collected 61 gold pieces.

Inventory:

Hand Weapons
 e - a +0 dagger
 m - a +3 short sword of protection (weapon)
Armour
 a - a +0 robe (worn)
 j - a +0 helmet (worn)
Scrolls
 f - a scroll of vulnerability {unknown}
 g - a scroll of acquirement {unknown}
 i - 2 scrolls of magic mapping
 k - a scroll of torment
 n - 2 scrolls of blinking
 o - a scroll of teleportation {unknown}
Potions
 b - a potion of mutation
 h - a potion of attraction {unknown}
 l - a potion of magic {unknown}


   Skills:
 * Level 1.8 Fighting
 + Level 0.1 Short Blades
 + Level 2.6 Dodging
 + Level 1.6 Stealth
 * Level 4.6 Spellcasting


You couldn't memorise any spells.
You knew the following spells:

 Your Spells              Type           Power      Damage    Failure   Level
a - Foxfire               Conj/Fire      84%        2x1d8     1%          1
b - Scorch                Fire           42%        2d7       3%          2
c - Conjure Flame         Conj/Fire      21%        6-21      6%          3
d - Inner Flame           Hex/Fire       21%        N/A       6%          3
e - Flame Wave            Conj/Fire      21%        3d6       19%         4
f - Shock                 Conj/Air       84%        1d8       1%          1
g - Passwall              Tmut/Erth      17%        N/A       3%          2
Your spell library was empty.

Dungeon Overview and Level Annotations

Branches:
Dungeon (4/15)              Sewer (1/1)
 Temple: D:4-7

Altars:
Hepliaklqana
Zin
The Shining One


Innate Abilities, Weirdness & Mutations

You are immune to sickness and miasma.
You are immune to poison.
Your flesh is very heat resistant. (rF++)
You are vulnerable to cold. (rC-)
You float through the air rather than walking.
You learn spells naturally, not from books.
Your magical power is your life essence.
You have superior vitality. (+4 HP)


Message History

Confirm with . or Enter, or press ? or * to list all spells.
Aiming: Shock (safe; 1% risk of failure)
Press: ? - help, Shift-Dir - straight line, f - rat
Aim: a rat (74% to hit)
You miscast Shock.
You are very lightly contaminated with residual magic.
Nothing appears to happen.
The river rat is no longer more vulnerable to fire.
The river rat misses you.
Unknown command.
Casting: Shock (safe; 1% risk of failure)
Confirm with . or Enter, or press ? or * to list all spells.
Aiming: Shock (safe; 1% risk of failure)
Press: ? - help, Shift-Dir - straight line, f/p - rat
Aim: a rat (74% to hit)
The zap hits the river rat but does no damage.
The river rat is moderately wounded.
The zap hits the rat.
You kill the rat!
The river rat bites you.
Casting: Shock (safe; 1% risk of failure)
Confirm with . or Enter, or press ? or * to list all spells.
Flames lash the river rat.
The river rat is severely wounded.
The river rat's fire resistance burns away.
The river rat bites you!
* * * LOW HITPOINT WARNING * * *
Casting: Scorch (safe; 3% risk of failure)
Confirm with . or Enter, or press ? or * to list all spells.
Flames lash the river rat.
The river rat is almost dead.
* * * LOW HITPOINT WARNING * * *
The river rat misses you.
Unknown command.
Casting: Scorch (safe; 3% risk of failure)
Confirm with . or Enter, or press ? or * to list all spells.
Flames lash the river rat but do no damage.
* * * LOW HITPOINT WARNING * * *
The river rat bites you!
You die... ############### #..†@r†∩......≈ ###############

You could see a river rat (combustible).

Vanquished Creatures
  Menkaure (D:4)
  An iguana (D:4)
  2 adders (D:2)
  2 river rats
  A white imp (D:3)
  2 adder skeletons (D:4)
  2 worms
  A dart slug (D:2)
  4 ball pythons
  3 bats
  An endoplasm (D:1)
  8 hobgoblins
  2 quokkas
  2 frilled lizards
  3 goblins
  6 kobolds
  12 rats
53 creatures vanquished.

Vanquished Creatures (others)
  113 foxfires
  3 plants (D:2)
  3 withered plants (D:2)
119 creatures vanquished.

Grand Total: 172 creatures vanquished

Notes
Turn   | Place    | Note
-------+----------+-------------------------------------------
     0 | D:1      | robertstho the Djinni Fire Elementalist began the quest for
                  | the Orb.
     0 | D:1      | Reached XP level 1. HP: 15/15 MP: 0/0
   370 | D:1      | Reached XP level 2. HP: 20/21 MP: 0/0
  1497 | D:1      | Reached skill level 3 in Spellcasting
  1601 | D:1      | Reached XP level 3. HP: 25/26 MP: 0/0
  1601 | D:1      | Learned a level 1 spell: Shock
  2024 | D:2      | Found a faded altar of an unknown god.
  2265 | D:2      | Reached skill level 1 in Fighting
  2266 | D:2      | Reached XP level 4. HP: 12/32 MP: 0/0
  3606 | D:3      | Found a glowing golden altar of the Shining One.
  3606 | D:3      | Found a glowing silver altar of Zin.
  3606 | D:3      | Found a hazy altar of Hepliaklqana.
  3819 | D:4      | Noticed Menkaure
  3821 | D:4      | Reached XP level 5. HP: 16/37 MP: 0/0
  3821 | D:4      | Learned a level 2 spell: Passwall
  3997 | D:4      | Killed Menkaure
  3998 | D:4      | Reached skill level 4 in Spellcasting
  3998 | D:4      | Reached XP level 6. HP: 7/43 MP: 0/0
  4145 | D:4      | Found a glowing drain.
  4159 | Sewer    | Entered a sewer
  4172 | Sewer    | Slain by a river rat

Illustrated notes

Levels and vault maps discovered:
D:1:      dpeg_arrival_connections, layout_loops_ring, serial_co_window_serial,
          co_window_corner_a, co_window_corner_a, co_window_paths_a,
          co_window_paths_b, co_window_paths_a, co_window_corner_a,
          co_window_paths_b, co_window_corner_b, co_window_broadway_c,
          co_window_of_opportunity_b, co_window_broadway_c,
          co_window_broadway_b, co_window_unsneaky_path_c, glass_columns_a,
          glass_columns_b, glass_columns_c, glass_columns_c
D:2:      layout_rooms, shapermc_ecumenical_altar_flowoftime,
          chequers_serial_rivers_micro_c
D:3:      layout_rooms, gammafunk_temple_overflow_claw
D:4:      layout_cave_pools, cheibrodos_sewer_entry_sluice,
          kennysheep_generic_room_16, uniq_duvessa, uniq_menkaure
Sewer:    sewer_kobolds

Skill      XL: |  1  2  3  4  5 |
---------------+----------------+-----
Spellcasting   | 3 4 |  4.6
Fighting       | 1 |  1.8
Short Blades   | |  0.1
Dodging        | |  2.6
Stealth        | |  1.6

Action                   |  1- 3 |  4- 6 || total
-------------------------+-------+-------++-------
Melee: Dagger            |    28 |    12 ||    40
       Short sword       |       |    16 ||    16
 Cast: Foxfire           |    59 |    12 ||    71
       Scorch            |    13 |    27 ||    40
       Shock             |       |     2 ||     2
  Use: Scroll            |       |     5 ||     5
       Potion            |       |     1 ||     1
 Stab: Sleeping          |       |     1 ||     1
Armor: Robe              |       |     9 ||     9
Dodge: Dodged            |     2 |    23 ||    25

Table legend: (Time is in decaauts)
 A = Elapsed time spent in this place.
 B = Non-inter-level travel time spent in this place.
 C = Inter-level travel time spent in this place.
 D = Time resting spent in this place.
 E = Time spent auto-exploring this place.
 F = Levels seen in this place.
 G = Mean time per level.
                   A        B        C        D        E       F      G
               +--------+--------+--------+--------+--------+-----+--------+
         Total |   4174 |   4077 |     97 |    918 |   2723 |   5 |  834.8 |
       Dungeon |   4161 |   4064 |     97 |    918 |   2723 |   4 | 1040.2 |
         Sewer |     12 |     12 |      0 |      0 |      0 |   1 |   12.0 |
               +--------+--------+--------+--------+--------+-----+--------+

Top non-repeatable levels by time:
     D:1: 2017 daAuts
     D:2: 1025 daAuts
     D:3: 889 daAuts
     D:4: 229 daAuts
   Sewer: 12 daAuts
